AoeStats
← Sparten gio

Black Forest

503261204Analyzed
4v4 RM · 1mo ago on Aug 30, 2026· 60m 17s· 8 players
Game mode
Random Map
Map size
Large (8 player)
Population
200
Speed
Normal
Resources
Standard
Victory
Conquest
Starting age
Dark Age
Ending age
Imperial Age
RankedLock teamsTeams togetherTeam positionsShared explorationLock speedFull tech treeHidden civsTurbo modeCheats
Victory
Defeat
🇮🇪 Celts · Ireland
915
+15
🇬🇷 Turks · Greece
905
+15
🇩🇪 Persians · Germany
841
+18
🇵🇹 Portuguese · Portugal
779
+21
🇩🇪 Saracens · Germany
903
-18
🇺🇸 Turks · United States
891
-17
🇧🇷 Chinese · Brazil
882
-17
🇵🇪 Romans · Peru
857
-16
redjumper99
0:27 Loom
12:26 Feudal Age
13:45 Wheelbarrow
12:59 Double-Bit Axe
13:53 Horse Collar
14:50 Gold Mining
19:05 Stone Mining
23:32 Castle Age
23:44 Town Watch
24:14 Fletching
27:05 Heavy Plow
28:22 Bow Saw
32:45 Hand Cart
33:28 Gold Shaft Mining
34:01 Caravan
34:42 Town Patrol
35:17 Coinage
34:44 Stronghold
38:39 Imperial Age
36:57 Bodkin Arrow
37:13 Forging
37:09 Scale Barding Armor
37:05 Scale Mail Armor
39:03 Iron Casting
39:30 Stone Shaft Mining
39:14 Chain Mail Armor
39:52 Conscription
40:15 Elite Woad Raider
42:40 Blast Furnace
41:43 Padded Archer Armor
41:24 Onager
44:08 Hoardings
43:44 Furor Celtica
44:04 Siege Onager
44:31 Sappers
45:47 Arrowslits
46:13 Masonry
45:59 Murder Holes
45:43 Pikeman
46:09 Gambesons
46:10 Arson
46:53 Treadmill Crane
47:34 Ballistics
47:20 Siege Engineers
47:55 Plate Mail Armor
47:41 Leather Archer Armor
47:16 Man-at-Arms
47:16 Halberdier
51:06 Ring Archer Armor
50:53 Capped Ram
52:54 Banking
52:34 Guilds
Makis
6:34 Loom
11:28 Feudal Age
15:42 Castle Age
13:28 Double-Bit Axe
13:45 Horse Collar
16:56 Bow Saw
21:43 Wheelbarrow
21:12 Heavy Plow
23:15 Hand Cart
23:18 Gold Mining
25:21 Gold Shaft Mining
25:35 Stone Mining
27:00 Scale Barding Armor
27:06 Forging
29:57 Imperial Age
28:14 Chain Barding Armor
27:38 Treadmill Crane
28:11 Masonry
29:08 Bloodlines
29:00 Husbandry
30:43 Iron Casting
31:14 Plate Barding Armor
32:13 Blast Furnace
32:14 Two-Man Saw
31:41 Conscription
33:19 Artillery
35:46 Hoardings
35:04 Fletching
35:08 Town Watch
36:05 Bombard Tower
36:11 Ballistics
36:22 Architecture
36:27 Town Patrol
36:24 Bodkin Arrow
46:52 Bracer
46:52 Padded Archer Armor
48:02 Sipahi
47:22 Heavy Cavalry Archer
50:07 Parthian Tactics
49:59 Leather Archer Armor
51:08 Ring Archer Armor
50:50 Thumb Ring
yenepu
0:29 Loom
16:54 Feudal Age
17:27 Arson
19:13 Double-Bit Axe
20:22 Horse Collar
27:48 Castle Age
27:07 Gold Mining
27:11 Stone Mining
28:49 Wheelbarrow
29:18 Bow Saw
28:55 Pikeman
38:31 Imperial Age
37:14 Treadmill Crane
37:47 Fortified Wall
37:37 Murder Holes
38:52 Caravan
40:31 Ballistics
41:29 Chemistry
41:56 Two-Man Saw
42:21 Hand Cart
42:04 Fletching
42:14 Padded Archer Armor
42:42 Conscription
42:59 Heavy Plow
44:15 Two-Man Saw
44:46 Crop Rotation
45:24 Bodkin Arrow
45:45 Leather Archer Armor
45:59 Arquebus
46:57 Siege Engineers
48:51 Bracer
49:21 Ring Archer Armor
48:17 Elite Skirmisher
49:29 Fervor
50:00 Coinage
51:42 Crossbowman
51:46 Elite Organ Gun
51:55 Halberdier
52:21 Gambesons
55:44 Scale Mail Armor
55:54 Forging
55:50 Scale Barding Armor
55:07 Arbalester
55:53 Thumb Ring
56:00 Masonry
55:16 Man-at-Arms
55:19 Onager
55:19 Capped Ram
56:03 Circumnavigation
56:23 Block Printing
56:09 Devotion
56:29 Sanctity
56:30 Heresy
56:46 Theocracy
56:12 Atonement
56:23 Redemption
56:09 Herbal Medicine
56:36 Sappers
Jimmy Levy (GEO)
0:42 Loom
14:25 Feudal Age
18:15 Castle Age
16:23 Double-Bit Axe
19:03 Bow Saw
19:28 Horse Collar
25:40 Heavy Plow
26:33 Town Watch
27:37 Gold Mining
29:23 Wheelbarrow
30:09 Hand Cart
31:11 Gold Shaft Mining
31:01 Stone Mining
34:17 Imperial Age
33:31 Scale Barding Armor
34:33 Stone Shaft Mining
35:39 Chemistry
34:05 Onager
34:24 Elite War Elephant
35:46 Crop Rotation
35:29 Caravan
37:45 Hoardings
37:32 Chain Barding Armor
37:12 Scale Mail Armor
38:21 Two-Man Saw
37:46 Town Patrol
39:13 Plate Barding Armor
38:59 Padded Archer Armor
39:53 Coinage
39:34 Guilds
39:44 Sappers
40:15 Kamandaran
40:37 Conscription
40:44 Capped Ram
42:13 Citadels
42:18 Forging
41:56 Crossbowman
42:41 Thumb Ring
43:57 Iron Casting
45:36 Blast Furnace
44:52 Chain Mail Armor
44:39 Heated Shot
45:19 Fletching
45:44 Leather Archer Armor
45:52 Ballistics
46:01 Masonry
45:32 Siege Ram
46:25 Murder Holes
47:24 Plate Mail Armor
47:35 Architecture
47:23 Bodkin Arrow
48:50 Banking
48:59 Guard Tower
48:35 Cavalier
49:16 Husbandry
50:34 Ring Archer Armor
50:17 Clinker Construction
50:12 Siphons
50:27 Elite Skirmisher
55:18 Careening
55:01 Pikeman
55:42 Squires
55:27 Arson
Sparten gio
1:01 Loom
1:29 Loom
15:48 Feudal Age
16:34 Double-Bit Axe
17:32 Horse Collar
26:09 Castle Age
25:08 Stone Mining
30:40 Fletching
32:47 Man-at-Arms
39:01 Imperial Age
36:33 Long Swordsman
37:34 Forging
GEDIAN
0:30 Loom
14:41 Feudal Age
15:16 Horse Collar
21:58 Castle Age
21:30 Padded Archer Armor
22:08 Crossbowman
23:07 Heavy Plow
24:04 Leather Archer Armor
27:45 Double-Bit Axe
28:53 Gold Mining
29:09 Man-at-Arms
30:29 Wheelbarrow
30:33 Fletching
31:31 Ballistas
31:55 Hand Cart
32:18 Bow Saw
32:07 Pikeman
33:00 Squires
33:43 Gold Shaft Mining
33:27 Bodkin Arrow
34:13 Fortified Wall
34:26 Scale Mail Armor
37:16 Imperial Age
35:58 Chain Mail Armor
36:35 Ballistics
37:22 Halberdier
38:27 Stone Mining
38:49 Caravan
39:30 Forging
40:00 Crop Rotation
41:03 Chemistry
41:05 Murder Holes
41:46 Conscription
41:13 Long Swordsman
45:15 Comitatenses
45:42 Iron Casting
45:17 Heavy Scorpion
47:49 Legionary
51:12 Blast Furnace
50:34 Husbandry
50:42 Cavalier
Guará
13:41 Feudal Age
15:01 Wheelbarrow
14:43 Horse Collar
14:59 Double-Bit Axe
17:36 Gold Mining
17:38 Stone Mining
18:40 Man-at-Arms
20:39 Forging
20:30 Scale Mail Armor
20:30 Padded Archer Armor
20:21 Fletching
24:41 Castle Age
25:57 Hand Cart
25:29 Crossbowman
26:23 Thumb Ring
25:43 Long Swordsman
26:25 Squires
26:15 Arson
26:32 Bodkin Arrow
30:14 Pikeman
32:31 Bow Saw
38:04 Great Wall
39:52 Heavy Plow
40:37 Leather Archer Armor
40:37 Chain Mail Armor
40:58 Iron Casting
40:49 Ballistics
44:17 Imperial Age
44:24 Arbalester
44:29 Heavy Scorpion
Lord Cochrane
1:49 Loom
13:13 Feudal Age
13:39 Double-Bit Axe
13:38 Horse Collar
14:13 Town Watch
19:58 Castle Age
19:42 Forging
19:41 Scale Barding Armor
21:08 Bow Saw
21:38 Caravan
22:50 Heavy Plow
25:22 Wheelbarrow
25:15 Fletching
30:23 Hand Cart
33:40 Bodkin Arrow
34:22 Iron Casting
34:21 Bloodlines
34:14 Husbandry
38:12 Imperial Age
35:27 Light Cavalry
36:26 Murder Holes
38:50 Chain Barding Armor
39:08 Elite Mameluke
40:51 Blast Furnace
40:27 Plate Barding Armor
41:52 Bracer
42:16 Ballistics
42:07 Hussar
56:33 Fortified Wall
Connection lost

Rejoining the realm…

Still unreachable

The connection could not be restored.

Session expired

The server has moved on; the page needs a fresh start.